 Dungeon Crawl Stone Soup version 0.31.0-9-g3a7656b989 (webtiles) character file.

Game seed: 10581813374653119688

5 qw the Shooter (level 1, -1/17 HPs)
             Began as a Demigod Hunter on Feb 2, 2024.
             Slain by a goblin
             ... wielding a +0 club
              (3 damage)
             ... on level 1 of the Dungeon.
             The game lasted 00:00:00 (152 turns).

qw the Shooter (Demigod Hunter)                      Turns: 152, Time: 00:00:00

Health: -1/17      AC:  3    Str: 12    XL:     1   Next: 53%
Magic:  3/3        EV: 12    Int: 11    God:
Gold:   14         SH:  0    Dex: 17    Spells: 0/0 levels left

rFire   . . .        a - +0 shortbow
rCold   . . .        (shield currently unavailable)
rNeg    . . .        c - +0 leather armour
rPois   .            (no helmet)
rElec   .            (no cloak)
rCorr   .            (no gloves)
SInv    .            (no boots)
Will    .....        (no amulet)
Stlth   ++           (no ring)
HPRegen 0.22/turn    (no ring)
MPRegen 0.08/turn

%: no passive effects
@: no status effects
A: high MP 1, forlorn, divine attributes
a: no special abilities


You were on level 1 of the Dungeon.
You visited 1 branch of the dungeon, and saw 1 of its levels.

You collected 14 gold pieces.


Innate Abilities, Weirdness & Mutations

You have an increased reservoir of magic. (+10% MP)
You shall have no god before yourself.
Your divine heritage dramatically boosts your attributes as you level up.


   Skills:
 - Level 1.7 Fighting
 + Level 3.9 Ranged Weapons
 - Level 1.7 Dodging
 - Level 0.8 Stealth


You couldn't memorise any spells.
You didn't know any spells.
Your spell library was empty.

Inventory:

Hand Weapons
 a - a +0 shortbow (weapon)
Armour
 c - a +0 leather armour (worn)
 e - a +0 ring mail
Scrolls
 b - a scroll of butterflies
 d - a scroll of identify {unknown}
 f - a scroll of revelation {unknown}

Dungeon Overview and Level Annotations

Branches:
Dungeon (1/15)


Message History

You start resting.
HP restored.
Things that are here:
a +0 dagger; a goblin corpse
Found a scale mail.
You now have 14 gold pieces.
You see here 7 stones.
f - a scroll labelled ALUQAARONA A dart slug comes into view.
Found 9 gold pieces.
You shoot an arrow. The arrow hits the dart slug.
The dart slug is heavily wounded.
The dart slug launches a dart at you. The slug dart hits you.
You shoot an arrow. The arrow hits the dart slug.
The dart slug is severely wounded.
The dart slug launches a dart at you. The slug dart misses you.
You shoot an arrow. The arrow hits the dart slug.
You kill the dart slug!
Found a quarterstaff.
A gnoll, a hobgoblin and a goblin come into view.
Found a scale mail.
The goblin shouts!
The gnoll shouts!
The hobgoblin shouts!
You shoot an arrow. The arrow hits the gnoll.
The gnoll is lightly wounded.
You shoot an arrow. The arrow hits the gnoll.
The gnoll is heavily wounded.
You shoot an arrow. The arrow closely misses the gnoll.
The arrow closely misses the hobgoblin.
The goblin hits you with a +0 club. The gnoll hits you with a +0 club!
You shoot an arrow.
The arrow hits the gnoll but does no damage.
The gnoll is heavily wounded.
The goblin hits you but does no damage. The gnoll hits you with a +0 club.
You shoot an arrow. The arrow hits the gnoll!
You kill the gnoll!
The hobgoblin hits you but does no damage.
The goblin hits you with a +0 club. x2
You die...

#.####.###.###.###.
#. ...#.....#.# #.
## #.##.###.#.#.#.#
#.
##..#.#......(.#.#.#
#. ...#..#####...#
#.# #. ............#
#. .. ##
#.#######..# #.
.#..[#.g........# ..
.....!)@.#####.## #.
.#=..#g.## #.# #.
##. #.## #.# #. ...
#.# #. .... #.# #.
..... #.# ######.
).... .# #......
###### ###.####.
........


You could see a hobgoblin and a goblin.

Vanquished Creatures
  A gnoll (D:1)
  A dart slug (D:1)
  A giant cockroach (D:1)
  A goblin (D:1)
4 creatures vanquished.

Notes
Turn   | Place    | Note
-------+----------+-------------------------------------------
     0 | D:1      | qw the Demigod Hunter began the quest for the Orb.
     0 | D:1      | Reached XP level 1. HP: 17/17 MP: 3/3
     0 | D:1      | 0 ||| qw: Version: 0.3-a-155-g5e7d8dd
     0 | D:1      | 0 ||| qw: Game counter: 293
     0 | D:1      | 0 ||| qw: Melee chars always use a shield: true
     0 | D:1      | 0 ||| qw: God list: Okawaru
     0 | D:1      | 0 ||| qw: Allow faded altars: false
     0 | D:1      | 0 ||| qw: Do Orc after clearing Dungeon:15 true
     0 | D:1      | 0 ||| qw: Do second Lair branch before Depths: true
     0 | D:1      | 0 ||| qw: Lair rune preference: random
     0 | D:1      | 0 ||| qw: Goals: Normal
     0 | D:1      | 0 ||| PLANNING D:1-11
   151 | D:1      | HP: 3/17 [gnoll/+0 club (6)]
   152 | D:1      | Slain by a goblin

Levels and vault maps discovered:
D:1:      minmay_arrival_solitary_statue, layout_basic, grunt_decor_cap,
          minmay_tromino_v4_b

Action                     || total
---------------------------++-------
   Fire: Shortbow          ||    16
 Armour: Leather armour    ||     9
  Dodge: Dodged            ||     1

Table legend:
 A = Non-vault XP
 B = Vault XP
 C = Vault XP percentage of total XP
 D = Non-vault monster count
 E = Vault monster count
 F = Vault count percentage of total count
                 A         B        C        D         E       F
            +---------+---------+-------+---------+---------+-------
      Total |       4 |      18 |  81.8 |       2 |       2 |  50.0
            +---------+---------+-------+---------+---------+-------
        D:1 |       4 |      18 |  81.8 |       2 |       2 |  50.0
            +---------+---------+-------+---------+---------+-------
